Red Wings vs Stars

Created - 4 janvier 2021 at 13:19

Goals
1 2 3 T
Red Wings 1 1 0 2
Stars 1 1 1 3
Shots
1 2 3 T
Red Wings 14 11 5 30
Stars 12 5 7 24

1st period

1. Red Wings , Kasperi Kapanen 4 (Oliver Bjorkstrand 8, Mark Scheifele 15) at 12:08
2. Stars , J.T. Compher 8 (Brendan Gallagher 8, Paul Byron 7) at 15:08

Penalties :
No Penalty

2nd period

3. Stars , Ryan Strome 10 (Adam Henrique 7) at 5:16 (PP)
4. Red Wings , Jujhar Khaira 1 (Paul Carey 1, Zemgus Girgensons 1) at 11:42

Penalties :
David Pastrnak (DET) for Interference (Minor) at 2:01, Duncan Keith (DET) for Roughing (Minor) at 4:39, Brendan Gallagher (DAL) for Tripping (Minor) at 7:18, Lars Eller (DET) for Holding Stick (Minor) at 13:15

3rd period

5. Stars , Adam Henrique 9 (Chris Tanev 7, Ryan Strome 22) at 1:24 (PP)

Penalties :
Kasperi Kapanen (DET) for Hooking (Minor) at 1:06, Thomas Chabot (DAL) for Cross-checking (Minor) at 6:31

Goalie Stats

Carter Hart (DET), 21 saves from 24 shots - (0,875), L, 5-3-1, 59:40 minutes
Jaroslav Halak (DAL), 28 saves from 30 shots - (0,933), W, 10-5-2, 60:00 minutes

Players Stats for Red Wings

Player Name              G  A  P  +/- PIM S  H  SB GA TA FO     MP     PP MP  PK MP  
------------------------------------------------------------------------------------
Cam Atkinson             0  0  0   0  0   0  1  0  3  0  0/1    17:26   0:42   0:50 
Connor Brown             0  0  0   0  0   0  2  1  0  1  0/0    16:36   0:42   0:00 
David Pastrnak           0  0  0  -1  2   7  1  0  1  0  1/2    18:15   2:18   0:40 
Duncan Keith             0  0  0   0  2   0  0  0  0  0  0/0    20:27   1:24   0:00 
Dylan DeMelo             0  0  0   0  0   0  1  1  0  1  0/0    19:59   0:41   2:55 
Jeff Petry               0  0  0   1  0   1  1  2  0  1  0/0    19:08   1:53   1:58 
John Carlson             0  0  0   0  0   1  0  0  0  0  0/0    20:53   1:24   0:00 
John Tavares             0  0  0   0  0   2  3  1  2  0  7/11   18:00   0:42   1:20 
Jujhar Khaira            1  0  1   1  0   1  4  0  0  0  0/0     9:01   0:24   0:09 
Kasperi Kapanen          1  0  1   1  2   2  1  0  2  0  0/0    12:16   0:44   0:00 
Lars Eller               0  0  0  -1  2   3  2  1  0  0  3/8    19:26   2:18   1:55 
Mark Scheifele           0  1  1  -1  0   4  2  0  0  1  8/19   17:34   2:18   0:03 
Noel Acciari             0  0  0   1  0   4  3  0  0  0  6/11   12:43   0:48   0:21 
Oliver Bjorkstrand       0  1  1   1  0   1  3  1  0  0  0/1    13:24   0:24   1:27 
Paul Carey               0  1  1   1  0   3  1  0  0  0  1/3     8:58   0:34   0:00 
Sami Vatanen             0  0  0   0  0   0  0  1  0  0  0/0    21:35   1:53   2:55 
Zdeno Chara              0  0  0   1  0   0  3  2  0  0  0/0    17:57   0:41   1:58 
Zemgus Girgensons        0  1  1   1  0   1  1  0  2  1  0/0    11:25   0:00   3:01 

Players Stats for Stars

Player Name              G  A  P  +/- PIM S  H  SB GA TA FO     MP     PP MP  PK MP  
------------------------------------------------------------------------------------
Adam Henrique            1  1  2   0  0   3  2  0  1  1  2/4    20:30   2:59   0:52 
Alan Quine               0  0  0  -1  0   1  0  0  0  0  0/0     8:58   0:00   0:00 
Alec Martinez            0  0  0  -1  0   0  2  2  0  2  0/0    16:40   2:04   1:04 
Brandon Sutter           0  0  0  -1  0   0  1  0  0  0  0/0     9:35   0:07   0:22 
Brendan Gallagher        0  1  1   1  2   1  1  0  1  0  0/0    17:39   1:47   0:56 
Chris Tanev              0  1  1   0  0   1  3  2  0  0  0/0    25:03   2:49   2:21 
Derrick Pouliot          0  0  0  -1  0   0  1  4  0  0  0/0    13:13   0:00   0:20 
Dylan Strome             0  0  0  -1  0   1  0  0  1  1  0/2    12:18   0:07   0:32 
J.T. Compher             1  0  1   1  0   6  2  0  0  0  8/15   16:29   1:47   0:54 
Joe Thornton             0  0  0  -1  0   0  1  0  0  0  0/1     9:27   0:00   0:29 
Marc Staal               0  0  0   0  0   0  0  1  0  2  0/0    21:44   2:04   1:50 
Max Jones                0  0  0  -1  0   0  1  0  0  1  0/0    11:41   0:07   0:00 
Mike Green               0  0  0   0  0   0  2  2  0  0  0/0    18:32   0:00   0:33 
Mikko Rantanen           0  0  0   0  0   5  0  0  1  0  2/3    22:00   2:59   2:12 
Paul Byron               0  1  1   1  0   1  5  0  0  0  0/1    15:24   1:47   0:00 
Richard Panik            0  0  0  -1  0   2  0  0  1  0  0/0    10:22   0:00   0:00 
Ryan Strome              1  1  2   0  0   3  1  0  0  2  18/30  22:00   2:59   2:12 
Thomas Chabot            0  0  0   0  2   0  2  1  0  1  0/0    24:25   2:49   1:15 

3 Stars

1 - Adam Henrique (DAL)
2 - Ryan Strome (DAL)
3 - Jujhar Khaira (DET)

Power Play

Red Wings - 0 on 2 Attempt(s) - 0,00%
Stars - 2 on 4 Attempt(s) - 50,00%

Penalty Kill

Red Wings - 2 on 4 Attempt(s) - 50,00% - Score 0 goal in Penalty Kill
Stars - 2 on 2 Attempt(s) - 100,00% - Score 0 goal in Penalty Kill

Team Stat

Red Wings - Hits : 29 - Faceoff Wins : 26 - Blocked Shots : 10 - Penalty Minutes : 8
Stars - Hits : 24 - Faceoff Wins : 30 - Blocked Shots : 12 - Penalty Minutes : 4

Official

Referees : Ian Walsh and Michael Markovic
Linesman : Stephen Drain and Bryan Pancich

Game Notes

17:49 of 2nd period - Red Wings goal is going for a video replay. After video review, No Goal. The puck has been kicked using a distinct kicking motion.

Finance

Level 1 -- Attendance: 4357 (72,62%) -- Ticket Income 501 055 $
Level 2 -- Attendance: 3362 (67,24%) -- Ticket Income 252 150 $
Level 3 -- Attendance: 1477 (73,85%) -- Ticket Income 66 465 $
Level 4 -- Attendance: 2341 (58,53%) -- Ticket Income 70 230 $
Luxury Box -- Attendance: 701 (70,10%) -- Ticket Income 154 220 $
Game was played at the Dallas Arena.
Total Attendance: 12238 (67,99%)
Total Ticket Income: 1 044 120 $
Other Income: 511 619 $
Total Income: 1 555 739 $

Red Wings

5 vs 5 Forward 
   Center                   Left Wing                Right Wing               Time % Phy DF OF 
 1 Mark Scheifele           David Pastrnak           Lars Eller               30     1   2  2  
 2 John Tavares             Cam Atkinson             Connor Brown             30     1   2  2  
 3 Noel Acciari             Kasperi Kapanen          Oliver Bjorkstrand       25     1   2  2  
 4 Paul Carey               Jujhar Khaira            Zemgus Girgensons        15     1   2  2  

5 vs 5 Defense 
   Defense                  Defense                                           Time % Phy DF OF 
 1 John Carlson             Duncan Keith                                      34     1   2  2  
 2 Jeff Petry               Zdeno Chara                                       33     1   2  2  
 3 Sami Vatanen             Dylan DeMelo                                      33     1   2  2  
 4 John Carlson             Duncan Keith                                      0      1   2  2  

PowerPlay Forward 
   Center                   Left Wing                Right Wing               Time % Phy DF OF 
 1 Mark Scheifele           David Pastrnak           Lars Eller               50     1   2  2  
 2 John Tavares             Cam Atkinson             Connor Brown             50     1   2  2  

PowerPlay Defense
   Defense                  Defense                                           Time % Phy DF OF 
 1 John Carlson             Duncan Keith                                      50     1   2  2  
 2 Jeff Petry               Sami Vatanen                                      50     1   2  2  

Penalty Kill 4 Players Forward 
   Center                   Wing                     Time % Phy DF OF 
 1 Lars Eller               Zemgus Girgensons        60     1   2  2  
 2 Noel Acciari             Lars Eller               40     1   2  2  

Penalty Kill 4 Players Defense
   Defense                  Defense                  Time % Phy DF OF 
 1 Sami Vatanen             Dylan DeMelo             60     1   2  2  
 2 Jeff Petry               Zdeno Chara              40     1   2  2  

Penalty Kill - 3 Players Forward 
   Forward                                           Time % Phy DF OF 
 1 Lars Eller                                        60     1   2  2  
 2 Noel Acciari                                      40     1   2  2  

Penalty Kill - 3 Players Defense
   Defense                  Defense                  Time % Phy DF OF 
 1 Sami Vatanen             Dylan DeMelo             60     1   2  2  
 2 Jeff Petry               Zdeno Chara              40     1   2  2  

4 vs 4 Forward 
   Center                   Wing                     Time % Phy DF OF 
 1 Mark Scheifele           David Pastrnak           50     1   2  2  
 2 John Tavares             Lars Eller               50     1   2  2  

4 vs 4 Defense
   Defense                  Defense                  Time % Phy DF OF 
 1 John Carlson             Sami Vatanen             50     1   2  2  
 2 Jeff Petry               Dylan DeMelo             50     1   2  2  

Last Minutes Offensive
   Center                   Left Wing                Right Wing               Defense                  Defense                  
   Mark Scheifele           David Pastrnak           Lars Eller               John Carlson             Duncan Keith             

Last Minutes Defensive
   Center                   Left Wing                Right Wing               Defense                  Defense                  
   Mark Scheifele           David Pastrnak           Lars Eller               John Carlson             Duncan Keith             

Goaltenders
Starting : Carter Hart              
Backup : Marc-Andre Fleury        

Extra Forwards
Normal : Paul Carey, Kasperi Kapanen, Oliver Bjorkstrand - PP : Paul Carey, Kasperi Kapanen - PK : Oliver Bjorkstrand
Extra Defensemen
Normal : Sami Vatanen, Dylan DeMelo, Jeff Petry - PP : Sami Vatanen - PK : Dylan DeMelo, Jeff Petry
Penalty Shots
Mark Scheifele, David Pastrnak, John Tavares, Lars Eller, Cam Atkinson
Custom OT Lines Forwards
Mark Scheifele, David Pastrnak, John Tavares, Lars Eller, Cam Atkinson, Connor Brown, Kasperi Kapanen, Oliver Bjorkstrand, Noel Acciari, Zemgus Girgensons
Custom OT Lines Defensemen
John Carlson, Duncan Keith, Jeff Petry, Zdeno Chara, Sami Vatanen

Scratches
Nick Bonino (Broken Right Foot Toe Injury)

Stars

5 vs 5 Forward 
   Center                   Left Wing                Right Wing               Time % Phy DF OF 
 1 Ryan Strome              Mikko Rantanen           Adam Henrique            40     1   2  2  
 2 J.T. Compher             Paul Byron               Brendan Gallagher        30     1   2  2  
 3 Dylan Strome             Max Jones                Richard Panik            20     1   2  2  
 4 Joe Thornton             Alan Quine               Brandon Sutter           10     1   2  2  

5 vs 5 Defense 
   Defense                  Defense                                           Time % Phy DF OF 
 1 Chris Tanev              Thomas Chabot                                     40     1   2  2  
 2 Marc Staal               Mike Green                                        30     1   2  2  
 3 Derrick Pouliot          Alec Martinez                                     20     1   2  2  
 4 Chris Tanev              Thomas Chabot                                     10     1   2  2  

PowerPlay Forward 
   Center                   Left Wing                Right Wing               Time % Phy DF OF 
 1 Ryan Strome              Mikko Rantanen           Adam Henrique            60     1   2  2  
 2 J.T. Compher             Paul Byron               Brendan Gallagher        40     1   2  2  

PowerPlay Defense
   Defense                  Defense                                           Time % Phy DF OF 
 1 Chris Tanev              Thomas Chabot                                     60     1   2  2  
 2 Marc Staal               Alec Martinez                                     40     1   2  2  

Penalty Kill 4 Players Forward 
   Center                   Wing                     Time % Phy DF OF 
 1 Ryan Strome              Mikko Rantanen           60     1   2  2  
 2 Adam Henrique            Brendan Gallagher        40     1   2  2  

Penalty Kill 4 Players Defense
   Defense                  Defense                  Time % Phy DF OF 
 1 Chris Tanev              Thomas Chabot            60     1   2  2  
 2 Marc Staal               Alec Martinez            40     1   2  2  

Penalty Kill - 3 Players Forward 
   Forward                                           Time % Phy DF OF 
 1 Brendan Gallagher                                 60     1   2  2  
 2 Mikko Rantanen                                    40     1   2  2  

Penalty Kill - 3 Players Defense
   Defense                  Defense                  Time % Phy DF OF 
 1 Chris Tanev              Thomas Chabot            60     1   2  2  
 2 Marc Staal               Mike Green               40     1   2  2  

4 vs 4 Forward 
   Center                   Wing                     Time % Phy DF OF 
 1 Mikko Rantanen           Brendan Gallagher        60     1   2  2  
 2 Adam Henrique            Ryan Strome              40     1   2  2  

4 vs 4 Defense
   Defense                  Defense                  Time % Phy DF OF 
 1 Chris Tanev              Thomas Chabot            60     1   2  2  
 2 Marc Staal               Alec Martinez            40     1   2  2  

Last Minutes Offensive
   Center                   Left Wing                Right Wing               Defense                  Defense                  
   Ryan Strome              Mikko Rantanen           Adam Henrique            Chris Tanev              Thomas Chabot            

Last Minutes Defensive
   Center                   Left Wing                Right Wing               Defense                  Defense                  
   J.T. Compher             Max Jones                Brendan Gallagher        Alec Martinez            Marc Staal               

Goaltenders
Starting : Jaroslav Halak           
Backup : Dustin Tokarski          

Extra Forwards
Normal : Max Jones, Dylan Strome, Joe Thornton - PP : Max Jones, Dylan Strome - PK : Joe Thornton
Extra Defensemen
Normal : Derrick Pouliot, Alec Martinez, Marc Staal - PP : Derrick Pouliot - PK : Alec Martinez, Marc Staal
Penalty Shots
Ryan Strome, Mikko Rantanen, Adam Henrique, Brendan Gallagher, J.T. Compher
Custom OT Lines Forwards
Ryan Strome, Mikko Rantanen, Adam Henrique, Brendan Gallagher, J.T. Compher, Dylan Strome, Joe Thornton, Brandon Sutter, Paul Byron, Richard Panik
Custom OT Lines Defensemen
Chris Tanev, Thomas Chabot, Marc Staal, Mike Green, Derrick Pouliot

Scratches
Sam Lafferty (Healthy), Cale Fleury (Healthy), Gabriel Bourque (Healthy)

% Time on Ice - Red Wings

Lines # - Real PCT - Wanted PCT - Time Play
Normal Forward
1 - 28% - 30% - 14:10
2 - 32% - 30% - 15:55
3 - 23% - 25% - 11:33
4 - 17% - 15% - 8:24
Normal Defense
1 - 36% - 34% - 18:08
2 - 31% - 33% - 15:22
3 - 33% - 33% - 16:18
4 - 0% - 0% - 0:14
PP Forward
1 - 82% - 50% - 3:16
2 - 18% - 50% - 0:42
PP Defense
1 - 35% - 50% - 1:24
2 - 65% - 50% - 2:34
PK Forward
1 - 93% - 60% - 4:32
2 - 7% - 40% - 0:21
PK Defense
1 - 60% - 60% - 2:55
2 - 40% - 40% - 1:58
PK3 Forward
1 - 0% - 60%
2 - 0% - 40%
PK3 Defense
1 - 0% - 60%
2 - 0% - 40%
44 Forward
1 - 0% - 50%
2 - 0% - 50%
44 Defense
1 - 0% - 50%
2 - 0% - 50%
Last Minute Offensive  - 1:07
Last Minute Defensive  - 0:00
Total
Forward - 60:00
Defense - 60:00

% Time on Ice - Stars

Lines # - Real PCT - Wanted PCT - Time Play
Normal Forward
1 - 34% - 40% - 17:02
2 - 27% - 30% - 13:37
3 - 21% - 20% - 10:22
4 - 18% - 10% - 8:58
Normal Defense
1 - 37% - 40% - 18:29
2 - 34% - 30% - 17:10
3 - 25% - 20% - 12:21
4 - 4% - 10% - 1:59
PP Forward
1 - 63% - 60% - 3:06
2 - 37% - 40% - 1:47
PP Defense
1 - 58% - 60% - 2:49
2 - 42% - 40% - 2:04
PK Forward
1 - 78% - 60% - 3:06
2 - 22% - 40% - 0:52
PK Defense
1 - 82% - 60% - 3:14
2 - 18% - 40% - 0:44
PK3 Forward
1 - 0% - 60%
2 - 0% - 40%
PK3 Defense
1 - 0% - 60%
2 - 0% - 40%
44 Forward
1 - 0% - 60%
2 - 0% - 40%
44 Defense
1 - 0% - 60%
2 - 0% - 40%
Last Minute Offensive  - 0:00
Last Minute Defensive  - 1:10
Total
Forward - 60:00
Defense - 60:00

Play-by-Play

1st period


0:01 of 1st period - Mark Scheifele wins face-off versus Ryan Strome in neutral zone.
0:14 of 1st period - Snap shot by David Pastrnak.
0:14 of 1st period - Deflect By Chris Tanev.
0:14 of 1st period - Stopped by Jaroslav Halak without a rebound.
0:15 of 1st period - J.T. Compher wins face-off versus John Tavares in Stars zone.
0:31 of 1st period - Snap shot by Brendan Gallagher.
0:31 of 1st period - Shot Blocked by Connor Brown.
0:49 of 1st period - Snap shot by Dylan Strome.
0:49 of 1st period - Shot Blocked by Zdeno Chara.
0:51 of 1st period - Wrist shot by Dylan Strome.
0:51 of 1st period - Stopped by Carter Hart without a rebound.
0:52 of 1st period - Ryan Strome wins face-off versus Paul Carey in Red Wings zone.
0:53 of 1st period - Slapshot by Mikko Rantanen.
0:53 of 1st period - Stopped by Carter Hart without a rebound.
0:54 of 1st period - Ryan Strome wins face-off versus Paul Carey in Red Wings zone.
1:05 of 1st period - Slapshot by Ryan Strome.
1:05 of 1st period - Stopped by Carter Hart with a rebound.
1:19 of 1st period - Dylan DeMelo is hit by Thomas Chabot and loses puck.
1:28 of 1st period - Brandon Sutter is hit by David Pastrnak.
1:48 of 1st period - Wrist shot by Richard Panik.
1:48 of 1st period - Shot Misses the Net.
1:50 of 1st period - Wrist shot by Richard Panik.
1:50 of 1st period - Stopped by Carter Hart without a rebound.
1:51 of 1st period - Noel Acciari wins face-off versus J.T. Compher in Red Wings zone.
2:27 of 1st period - Snap shot by Mark Scheifele.
2:27 of 1st period - Shot Misses the Net.
3:09 of 1st period - Snap shot by Jeff Petry.
3:09 of 1st period - Shot Blocked by Chris Tanev.
3:11 of 1st period - Slapshot by Jeff Petry.
3:11 of 1st period - Stopped by Jaroslav Halak with a rebound.
3:13 of 1st period - Wrist shot by Zdeno Chara.
3:13 of 1st period - Shot Misses the Net.
3:37 of 1st period - Chris Tanev is hit by Noel Acciari and loses puck.
4:10 of 1st period - Snap shot by John Tavares.
4:10 of 1st period - Shot Blocked by Derrick Pouliot.
4:14 of 1st period - Slapshot by John Tavares.
4:14 of 1st period - Shot Blocked by Alec Martinez.
4:16 of 1st period - Snap shot by Cam Atkinson.
4:16 of 1st period - Shot Blocked by Alec Martinez.
4:18 of 1st period - Slapshot by John Carlson.
4:18 of 1st period - Stopped by Jaroslav Halak without a rebound.
4:19 of 1st period - John Tavares wins face-off versus J.T. Compher in Stars zone.
4:45 of 1st period - Connor Brown is hit by Alec Martinez and loses puck.
5:02 of 1st period - Wrist shot by John Tavares.
5:02 of 1st period - Deflect By Cam Atkinson.
5:02 of 1st period - Shot Blocked by Derrick Pouliot.
5:02 of 1st period - Puck is out of play.
5:03 of 1st period - Noel Acciari wins face-off versus Mikko Rantanen in Stars zone.
5:16 of 1st period - Slapshot by Oliver Bjorkstrand.
5:16 of 1st period - Stopped by Jaroslav Halak with a rebound.
5:35 of 1st period - Snap shot by Mark Scheifele.
5:35 of 1st period - Shot Misses the Net.
6:12 of 1st period - Snap shot by Kasperi Kapanen.
6:12 of 1st period - Stopped by Jaroslav Halak without a rebound.
6:13 of 1st period - Noel Acciari wins face-off versus Dylan Strome in Stars zone.
6:19 of 1st period - Snap shot by Noel Acciari.
6:19 of 1st period - Stopped by Jaroslav Halak with a rebound.
6:21 of 1st period - Slapshot by Zdeno Chara.
6:21 of 1st period - Shot Misses the Net.
6:23 of 1st period - Snap shot by Zdeno Chara.
6:23 of 1st period - Shot Blocked by Marc Staal.
6:25 of 1st period - Snap shot by Noel Acciari.
6:25 of 1st period - Shot Misses the Net.
6:27 of 1st period - Backhand shot by Zdeno Chara.
6:27 of 1st period - Shot Blocked by Mike Green.
6:29 of 1st period - Slapshot by Zdeno Chara.
6:29 of 1st period - Shot Misses the Net.
6:31 of 1st period - Wrist shot by Noel Acciari.
6:31 of 1st period - Stopped by Jaroslav Halak without a rebound.
6:32 of 1st period - Ryan Strome wins face-off versus Mark Scheifele in Stars zone.
7:05 of 1st period - Paul Byron is hit by John Tavares and loses puck.
7:30 of 1st period - Snap shot by Richard Panik.
7:30 of 1st period - Stopped by Carter Hart without a rebound.
7:31 of 1st period - Mark Scheifele wins face-off versus Ryan Strome in Red Wings zone.
7:40 of 1st period - Snap shot by David Pastrnak.
7:40 of 1st period - Stopped by Jaroslav Halak without a rebound.
7:41 of 1st period - Ryan Strome wins face-off versus Mark Scheifele in Stars zone.
7:52 of 1st period - Zdeno Chara is hit by Ryan Strome and loses puck.
7:59 of 1st period - Snap shot by Ryan Strome.
7:59 of 1st period - Shot Misses the Net.
8:01 of 1st period - Wrist shot by Ryan Strome.
8:01 of 1st period - Stopped by Carter Hart without a rebound.
8:02 of 1st period - J.T. Compher wins face-off versus Noel Acciari in Red Wings zone.
8:15 of 1st period - Snap shot by Noel Acciari.
8:15 of 1st period - Stopped by Jaroslav Halak without a rebound.
8:16 of 1st period - Ryan Strome wins face-off versus Cam Atkinson in Stars zone.
8:16 of 1st period - Ryan Strome is hit by John Tavares.
8:24 of 1st period - Wrist shot by Mikko Rantanen.
8:24 of 1st period - Stopped by Carter Hart with a rebound.
8:26 of 1st period - Wrist shot by Chris Tanev.
8:26 of 1st period - Deflect By Adam Henrique.
8:26 of 1st period - Stopped by Carter Hart without a rebound.
8:27 of 1st period - Paul Carey wins face-off versus Ryan Strome in Red Wings zone.
8:56 of 1st period - Snap shot by Oliver Bjorkstrand.
8:56 of 1st period - Shot Misses the Net.
8:58 of 1st period - Snap shot by Noel Acciari.
8:58 of 1st period - Stopped by Jaroslav Halak without a rebound.
8:59 of 1st period - J.T. Compher wins face-off versus Noel Acciari in Stars zone.
8:59 of 1st period - J.T. Compher is hit by Oliver Bjorkstrand.
9:07 of 1st period - Snap shot by Brendan Gallagher.
9:07 of 1st period - Stopped by Carter Hart with a rebound.
9:51 of 1st period - Snap shot by John Tavares.
9:51 of 1st period - Stopped by Jaroslav Halak with a rebound.
10:09 of 1st period - Wrist shot by David Pastrnak.
10:09 of 1st period - Shot Blocked by Chris Tanev.
10:19 of 1st period - Duncan Keith is hit by Chris Tanev and loses puck.
11:05 of 1st period - Snap shot by Paul Carey.
11:05 of 1st period - Stopped by Jaroslav Halak with a rebound.
11:17 of 1st period - Slapshot by John Carlson.
11:17 of 1st period - Deflect By Zemgus Girgensons.
11:17 of 1st period - Shot Misses the Net.
11:17 of 1st period - Puck is out of play.
11:18 of 1st period - John Tavares wins face-off versus Ryan Strome in Stars zone.
11:54 of 1st period - Wrist shot by J.T. Compher.
11:54 of 1st period - Stopped by Carter Hart with a rebound.
11:56 of 1st period - Snap shot by Paul Byron.
11:56 of 1st period - Stopped by Carter Hart with a rebound.
12:08 of 1st period - Snap shot by Kasperi Kapanen.
12:08 of 1st period - Goal by Kasperi Kapanen - Red Wings : 1 - Stars : 0.
12:09 of 1st period - John Tavares wins face-off versus Ryan Strome in neutral zone.
12:30 of 1st period - Mikko Rantanen is hit by Zdeno Chara and loses puck.
13:05 of 1st period - Zdeno Chara is hit by Alec Martinez and loses puck.
13:40 of 1st period - Slapshot by Mikko Rantanen.
13:40 of 1st period - Shot Misses the Net.
14:10 of 1st period - Snap shot by John Tavares.
14:10 of 1st period - Shot Blocked by Derrick Pouliot.
14:51 of 1st period - Off-side.
14:52 of 1st period - J.T. Compher wins face-off versus Mark Scheifele in neutral zone.
15:08 of 1st period - Wrist shot by J.T. Compher.
15:08 of 1st period - Goal by J.T. Compher - Red Wings : 1 - Stars : 1.
15:09 of 1st period - J.T. Compher wins face-off versus Mark Scheifele in neutral zone.
15:12 of 1st period - Dylan DeMelo is hit by J.T. Compher and loses puck.
15:35 of 1st period - Mike Green is hit by Jujhar Khaira and loses puck.
16:46 of 1st period - Snap shot by Paul Carey.
16:46 of 1st period - Stopped by Jaroslav Halak with a rebound.
17:05 of 1st period - Oliver Bjorkstrand is hit by Chris Tanev and loses puck.
17:20 of 1st period - Dylan DeMelo is hit by Paul Byron and loses puck.
17:52 of 1st period - Brandon Sutter is hit by Kasperi Kapanen.
18:23 of 1st period - Mark Scheifele is hit by J.T. Compher and loses puck.
18:38 of 1st period - Richard Panik is hit by Paul Carey and loses puck.
Goals for this period are 1 for Red Wings vs 1 for Stars.
Shots for this period are 14 for Red Wings vs 12 for Stars.

2nd period


0:01 of 2nd period - Mark Scheifele wins face-off versus Adam Henrique in neutral zone.
0:10 of 2nd period - Snap shot by David Pastrnak.
0:10 of 2nd period - Shot Misses the Net.
0:12 of 2nd period - Wrist shot by Lars Eller.
0:12 of 2nd period - Shot Misses the Net.
0:30 of 2nd period - Snap shot by Adam Henrique.
0:30 of 2nd period - Shot Blocked by Dylan DeMelo.
0:32 of 2nd period - Snap shot by Brendan Gallagher.
0:32 of 2nd period - Shot Misses the Net.
0:34 of 2nd period - Snap shot by J.T. Compher.
0:34 of 2nd period - Shot Misses the Net.
0:36 of 2nd period - Snap shot by Paul Byron.
0:36 of 2nd period - Shot Blocked by Sami Vatanen.
0:38 of 2nd period - Snap shot by Thomas Chabot.
0:38 of 2nd period - Shot Blocked by Oliver Bjorkstrand.
1:37 of 2nd period - Off-side.
1:38 of 2nd period - Ryan Strome wins face-off versus Mark Scheifele in neutral zone.
1:47 of 2nd period - Snap shot by Ryan Strome.
1:47 of 2nd period - Shot Misses the Net.
1:49 of 2nd period - Snap shot by Adam Henrique.
1:49 of 2nd period - Shot Blocked by Jeff Petry.
1:51 of 2nd period - Slapshot by Thomas Chabot.
1:51 of 2nd period - Shot Blocked by Jeff Petry.
2:01 of 2nd period - Minor Penalty to David Pastrnak for Interference.
2:02 of 2nd period - Adam Henrique wins face-off versus Lars Eller in Red Wings zone.
4:01 of 2nd period - Penalty to David Pastrnak is over, David Pastrnak is back on ice.
4:39 of 2nd period - Minor Penalty to Duncan Keith for Roughing.
4:40 of 2nd period - Lars Eller wins face-off versus Ryan Strome in Red Wings zone.
4:48 of 2nd period - Off-side.
4:49 of 2nd period - Ryan Strome wins face-off versus Lars Eller in neutral zone.
5:16 of 2nd period - Snap shot by Ryan Strome.
5:16 of 2nd period - Goal by Ryan Strome - Red Wings : 1 - Stars : 2.
5:17 of 2nd period - Ryan Strome wins face-off versus Noel Acciari in neutral zone.
5:22 of 2nd period - Icing by Noel Acciari.
5:23 of 2nd period - Noel Acciari wins face-off versus Ryan Strome in Red Wings zone.
6:12 of 2nd period - Marc Staal is hit by Dylan DeMelo and loses puck.
6:21 of 2nd period - Snap shot by David Pastrnak.
6:21 of 2nd period - Deflect By Mark Scheifele.
6:21 of 2nd period - Stopped by Jaroslav Halak with a rebound.
6:23 of 2nd period - Wrist shot by David Pastrnak.
6:23 of 2nd period - Deflect By Lars Eller.
6:23 of 2nd period - Shot Misses the Net.
6:23 of 2nd period - Puck is out of play.
6:24 of 2nd period - Ryan Strome wins face-off versus John Tavares in Stars zone.
6:35 of 2nd period - Wrist shot by Mikko Rantanen.
6:35 of 2nd period - Stopped by Carter Hart without a rebound.
6:36 of 2nd period - Mark Scheifele wins face-off versus Ryan Strome in Red Wings zone.
7:05 of 2nd period - Icing by John Tavares.
7:06 of 2nd period - John Tavares wins face-off versus J.T. Compher in Red Wings zone.
7:18 of 2nd period - Minor Penalty to Brendan Gallagher for Tripping.
7:19 of 2nd period - Mark Scheifele wins face-off versus Ryan Strome in Stars zone.
7:19 of 2nd period - Slapshot by David Pastrnak.
7:19 of 2nd period - Deflect By Mark Scheifele.
7:19 of 2nd period - Deflect By Thomas Chabot.
7:19 of 2nd period - Stopped by Jaroslav Halak without a rebound.
7:20 of 2nd period - Lars Eller wins face-off versus Ryan Strome in Stars zone.
7:23 of 2nd period - Snap shot by Mark Scheifele.
7:23 of 2nd period - Shot Misses the Net.
7:25 of 2nd period - Slapshot by David Pastrnak.
7:25 of 2nd period - Deflect By Thomas Chabot.
7:25 of 2nd period - Stopped by Jaroslav Halak without a rebound.
7:26 of 2nd period - Ryan Strome wins face-off versus Mark Scheifele in Stars zone.
7:47 of 2nd period - Snap shot by Ryan Strome.
7:47 of 2nd period - Shot Blocked by Lars Eller.
7:55 of 2nd period - Wrist shot by Mikko Rantanen.
7:55 of 2nd period - Shot Misses the Net.
8:35 of 2nd period - Snap shot by Mark Scheifele.
8:35 of 2nd period - Deflect By Adam Henrique.
8:35 of 2nd period - Shot Misses the Net.
8:35 of 2nd period - Puck is out of play.
8:36 of 2nd period - John Tavares wins face-off versus Adam Henrique in Stars zone.
9:12 of 2nd period - Icing by Cam Atkinson.
9:13 of 2nd period - John Tavares wins face-off versus Ryan Strome in Red Wings zone.
9:18 of 2nd period - Penalty to Brendan Gallagher is over, Brendan Gallagher is back on ice.
9:20 of 2nd period - Brendan Gallagher is hit by Connor Brown and loses puck.
10:03 of 2nd period - J.T. Compher is hit by Jujhar Khaira and loses puck.
10:18 of 2nd period - Snap shot by Mark Scheifele.
10:18 of 2nd period - Shot Blocked by Mike Green.
11:18 of 2nd period - Wrist shot by Paul Byron.
11:18 of 2nd period - Shot Blocked by John Tavares.
11:40 of 2nd period - Snap shot by Paul Carey.
11:40 of 2nd period - Stopped by Jaroslav Halak with a rebound.
11:42 of 2nd period - Wrist shot by Jujhar Khaira.
11:42 of 2nd period - Goal by Jujhar Khaira - Red Wings : 2 - Stars : 2.
11:43 of 2nd period - Mikko Rantanen wins face-off versus Lars Eller in neutral zone.
11:59 of 2nd period - Slapshot by Mark Scheifele.
11:59 of 2nd period - Shot Misses the Net.
13:15 of 2nd period - Minor Penalty to Lars Eller for Holding Stick.
13:16 of 2nd period - Ryan Strome wins face-off versus Oliver Bjorkstrand in Red Wings zone.
13:55 of 2nd period - Wrist shot by J.T. Compher.
13:55 of 2nd period - Stopped by Carter Hart with a rebound.
14:19 of 2nd period - John Tavares is hit by Paul Byron and loses puck.
14:40 of 2nd period - Dylan DeMelo is hit by Chris Tanev and loses puck.
15:15 of 2nd period - Penalty to Lars Eller is over, Lars Eller is back on ice.
15:31 of 2nd period - Icing by Alan Quine.
15:32 of 2nd period - Lars Eller wins face-off versus Joe Thornton in Stars zone.
15:33 of 2nd period - Snap shot by David Pastrnak.
15:33 of 2nd period - Stopped by Jaroslav Halak without a rebound.
15:34 of 2nd period - Mark Scheifele wins face-off versus Ryan Strome in Stars zone.
15:39 of 2nd period - Backhand shot by David Pastrnak.
15:39 of 2nd period - Stopped by Jaroslav Halak without a rebound.
15:40 of 2nd period - Mikko Rantanen wins face-off versus Mark Scheifele in Stars zone.
15:49 of 2nd period - Snap shot by Ryan Strome.
15:49 of 2nd period - Shot Misses the Net.
15:55 of 2nd period - Slapshot by John Carlson.
15:55 of 2nd period - Shot Blocked by Thomas Chabot.
15:57 of 2nd period - Snap shot by Lars Eller.
15:57 of 2nd period - Stopped by Jaroslav Halak without a rebound.
15:58 of 2nd period - John Tavares wins face-off versus J.T. Compher in Stars zone.
16:33 of 2nd period - Wrist shot by David Pastrnak.
16:33 of 2nd period - Stopped by Jaroslav Halak without a rebound.
16:34 of 2nd period - J.T. Compher wins face-off versus Mark Scheifele in Stars zone.
17:01 of 2nd period - Adam Henrique is hit by Connor Brown and loses puck.
17:14 of 2nd period - Connor Brown is hit by Mike Green and loses puck.
17:29 of 2nd period - Wrist shot by Dylan Strome.
17:29 of 2nd period - Shot Misses the Net.
17:47 of 2nd period - Slapshot by David Pastrnak.
17:47 of 2nd period - Stopped by Jaroslav Halak with a rebound.
17:49 of 2nd period - Snap shot by Lars Eller.
17:49 of 2nd period - Deflect By Marc Staal.
17:49 of 2nd period - Red Wings goal is going for a video replay.
17:49 of 2nd period - The goal is refused. The puck has been kicked using a distinct kicking motion..
17:50 of 2nd period - J.T. Compher wins face-off versus Mark Scheifele in Stars zone.
17:55 of 2nd period - Slapshot by Thomas Chabot.
17:55 of 2nd period - Deflect By J.T. Compher.
17:55 of 2nd period - Stopped by Carter Hart without a rebound.
17:56 of 2nd period - J.T. Compher wins face-off versus Mark Scheifele in Red Wings zone.
19:34 of 2nd period - Slapshot by Alan Quine.
19:34 of 2nd period - Stopped by Carter Hart with a rebound.
19:36 of 2nd period - Slapshot by Alec Martinez.
19:36 of 2nd period - Shot Misses the Net.
19:54 of 2nd period - Wrist shot by Adam Henrique.
19:54 of 2nd period - Deflect By Ryan Strome.
19:54 of 2nd period - Shot Misses the Net.
19:54 of 2nd period - Puck is out of play.
19:55 of 2nd period - Noel Acciari wins face-off versus J.T. Compher in Red Wings zone.
Goals for this period are 1 for Red Wings vs 1 for Stars.
Shots for this period are 11 for Red Wings vs 5 for Stars.

3rd period


0:01 of 3rd period - Ryan Strome wins face-off versus John Tavares in neutral zone.
0:01 of 3rd period - Ryan Strome is hit by Cam Atkinson.
0:14 of 3rd period - Off-side.
0:15 of 3rd period - Mark Scheifele wins face-off versus J.T. Compher in neutral zone.
0:18 of 3rd period - Snap shot by David Pastrnak.
0:18 of 3rd period - Shot Misses the Net.
0:20 of 3rd period - Slapshot by Mark Scheifele.
0:20 of 3rd period - Deflect By Lars Eller.
0:20 of 3rd period - Stopped by Jaroslav Halak without a rebound.
0:21 of 3rd period - David Pastrnak wins face-off versus Paul Byron in Stars zone.
0:28 of 3rd period - Snap shot by Mark Scheifele.
0:28 of 3rd period - Shot Misses the Net.
0:30 of 3rd period - Wrist shot by Mark Scheifele.
0:30 of 3rd period - Stopped by Jaroslav Halak with a rebound.
1:06 of 3rd period - Minor Penalty to Kasperi Kapanen for Hooking.
1:07 of 3rd period - Ryan Strome wins face-off versus Lars Eller in Red Wings zone.
1:10 of 3rd period - Slapshot by Ryan Strome.
1:10 of 3rd period - Deflect By Jeff Petry.
1:10 of 3rd period - Shot Misses the Net.
1:10 of 3rd period - Puck is out of play.
1:11 of 3rd period - Ryan Strome wins face-off versus Lars Eller in Red Wings zone.
1:16 of 3rd period - Snap shot by Mikko Rantanen.
1:16 of 3rd period - Stopped by Carter Hart with a rebound.
1:18 of 3rd period - Snap shot by Ryan Strome.
1:18 of 3rd period - Shot Misses the Net.
1:20 of 3rd period - Snap shot by Chris Tanev.
1:20 of 3rd period - Shot Blocked by Zdeno Chara.
1:22 of 3rd period - Wrist shot by Adam Henrique.
1:22 of 3rd period - Shot Misses the Net.
1:24 of 3rd period - Snap shot by Adam Henrique.
1:24 of 3rd period - Goal by Adam Henrique - Red Wings : 2 - Stars : 3.
1:25 of 3rd period - Ryan Strome wins face-off versus John Tavares in neutral zone.
1:28 of 3rd period - Snap shot by Ryan Strome.
1:28 of 3rd period - Deflect By Mikko Rantanen.
1:28 of 3rd period - Stopped by Carter Hart with a rebound.
1:36 of 3rd period - Wrist shot by Mikko Rantanen.
1:36 of 3rd period - Shot Misses the Net.
1:38 of 3rd period - Wrist shot by Adam Henrique.
1:38 of 3rd period - Stopped by Carter Hart without a rebound.
1:39 of 3rd period - Ryan Strome wins face-off versus David Pastrnak in Red Wings zone.
1:53 of 3rd period - Snap shot by Mikko Rantanen.
1:53 of 3rd period - Shot Misses the Net.
1:55 of 3rd period - Slapshot by Chris Tanev.
1:55 of 3rd period - Stopped by Carter Hart with a rebound.
2:13 of 3rd period - Slapshot by J.T. Compher.
2:13 of 3rd period - Stopped by Carter Hart with a rebound.
2:15 of 3rd period - Wrist shot by J.T. Compher.
2:15 of 3rd period - Stopped by Carter Hart without a rebound.
2:16 of 3rd period - Ryan Strome wins face-off versus Noel Acciari in Red Wings zone.
2:41 of 3rd period - Jeff Petry is hit by Paul Byron.
2:55 of 3rd period - J.T. Compher is hit by Zdeno Chara and loses puck.
3:07 of 3rd period - Icing by Marc Staal.
3:08 of 3rd period - Mark Scheifele wins face-off versus Dylan Strome in Stars zone.
3:45 of 3rd period - Wrist shot by Mark Scheifele.
3:45 of 3rd period - Shot Misses the Net.
3:51 of 3rd period - Slapshot by Mark Scheifele.
3:51 of 3rd period - Stopped by Jaroslav Halak without a rebound.
3:52 of 3rd period - Noel Acciari wins face-off versus J.T. Compher in Stars zone.
4:40 of 3rd period - Cam Atkinson is hit by Brandon Sutter and loses puck.
4:51 of 3rd period - Wrist shot by John Tavares.
4:51 of 3rd period - Shot Misses the Net.
4:53 of 3rd period - Slapshot by Duncan Keith.
4:53 of 3rd period - Shot Misses the Net.
5:41 of 3rd period - Snap shot by Cam Atkinson.
5:41 of 3rd period - Shot Misses the Net.
6:17 of 3rd period - Wrist shot by John Tavares.
6:17 of 3rd period - Shot Blocked by Derrick Pouliot.
6:27 of 3rd period - Snap shot by John Tavares.
6:27 of 3rd period - Stopped by Jaroslav Halak without a rebound.
6:28 of 3rd period - Adam Henrique wins face-off versus Noel Acciari in Stars zone.
6:28 of 3rd period - Adam Henrique is hit by Oliver Bjorkstrand.
6:31 of 3rd period - Minor Penalty to Thomas Chabot for Cross-checking.
6:32 of 3rd period - Ryan Strome wins face-off versus Mark Scheifele in Stars zone.
7:15 of 3rd period - Chris Tanev is hit by Noel Acciari and loses puck.
8:24 of 3rd period - J.T. Compher is hit by Jujhar Khaira and loses puck.
8:31 of 3rd period - Penalty to Thomas Chabot is over, Thomas Chabot is back on ice.
8:35 of 3rd period - Dylan Strome is hit by Zdeno Chara.
10:45 of 3rd period - Mark Scheifele is hit by Brendan Gallagher and loses puck.
11:04 of 3rd period - Paul Carey is hit by Mike Green.
11:43 of 3rd period - Dylan Strome is hit by Lars Eller and loses puck.
12:00 of 3rd period - John Tavares is hit by Adam Henrique and loses puck.
12:30 of 3rd period - Zemgus Girgensons is hit by Paul Byron and loses puck.
12:55 of 3rd period - Mikko Rantanen is hit by John Tavares and loses puck.
13:13 of 3rd period - Duncan Keith is hit by Derrick Pouliot and loses puck.
13:30 of 3rd period - Brandon Sutter is hit by Oliver Bjorkstrand and loses puck.
13:41 of 3rd period - J.T. Compher is hit by Zemgus Girgensons and loses puck.
14:28 of 3rd period - Mark Scheifele is hit by Thomas Chabot and loses puck.
14:35 of 3rd period - Richard Panik is hit by Lars Eller and loses puck.
15:21 of 3rd period - Brendan Gallagher is hit by Jujhar Khaira and loses puck.
15:32 of 3rd period - Snap shot by J.T. Compher.
15:32 of 3rd period - Shot Misses the Net.
16:02 of 3rd period - Max Jones is hit by Jeff Petry and loses puck.
16:19 of 3rd period - Oliver Bjorkstrand is hit by Paul Byron and loses puck.
17:14 of 3rd period - Snap shot by Jeff Petry.
17:14 of 3rd period - Shot Misses the Net.
17:16 of 3rd period - Slapshot by Zdeno Chara.
17:16 of 3rd period - Shot Misses the Net.
17:18 of 3rd period - Wrist shot by Zemgus Girgensons.
17:18 of 3rd period - Stopped by Jaroslav Halak with a rebound.
17:24 of 3rd period - Jeff Petry is hit by Joe Thornton and loses puck.
17:35 of 3rd period - Alec Martinez is hit by Noel Acciari and loses puck.
18:01 of 3rd period - Mark Scheifele is hit by Max Jones and loses puck.
18:08 of 3rd period - Chris Tanev is hit by Mark Scheifele and loses puck.
18:21 of 3rd period - Dylan DeMelo is hit by Adam Henrique and loses puck.
18:56 of 3rd period - Brendan Gallagher is hit by Mark Scheifele and loses puck.
19:40 of 3rd period - Red Wings, Carter Hart is pulled from the net.
Goals for this period are 0 for Red Wings vs 1 for Stars.
Shots for this period are 5 for Red Wings vs 7 for Stars.